[Event "*** Titled Tuesday Blitz"]
[Site "Chess.com"]
[Date "2021.02.09"]
[Round "3"]
[White "NiranjanNavalgund"]
[Black "Kostukov_Alex"]
[Result "0-1"]
[WhiteElo "2515"]
[BlackElo "2365"]
[TimeControl "180+1"]
[EndTime "10:28:18 PST"]
[Termination "Kostukov_Alex won by resignation"]

1. d4 g6 2. h4 Nf6 3. Nc3 d5 4. Bf4 Bg7 5. Qd2 Ne4 6. Nxe4 dxe4 7. c3 h5 8. Nh3 Nc6 9. O-O-O e5 10. dxe5 Qxd2+ 11. Rxd2 Nxe5 12. e3 Bf5 13. Ng5 Ke7 14. Bxe5 Bxe5 15.
Bc4 f6 16. Nf7 Rhf8 17. Nxe5 fxe5 18. Rhd1 Bg4 19. Rf1 Rad8 20. Bd5 Be6 21. Bxe4 c6 22. Bxg6 Rxd2 23. Kxd2 Bc4 24. Rg1 Rxf2+ 25. Kc1 Bf7 26.
Be4 Bxa2 27. Bf3 Bf7 28. Rh1 a5 29. Rh3 Bg6 30. Rg3 Kf6 31. Rg5 Rc2+ 32. Kd1 Rxb2 33. Bxh5 Bxh5+ 34. Rxh5 Rxg2 35. Rh7 b5 36. Rc7 Kf5 37.
Rxc6 Ke4 38. Rc5 Kd3 39. Rd5+ Kxe3 40. Rxe5+ Kd3 41. Ke1 b4 42. cxb4 axb4 43. Re8 b3 44.
Rd8+ Ke3 45. Re8+ Kd3 46. Kf1 Rh2 47. Rb8 b2 48. Kg1 Rc2 49. Rd8+ Ke4 50. h5 b1=Q+ 0-1

[Event "*** Titled Tuesday Blitz"]
[Site "Chess.com"]
[Date "2021.02.09"]
[Round "3"]
[White "pavlitas17"]
[Black "erlesfar"]
[Result "0-1"]
[WhiteElo "2306"]
[BlackElo "2549"]
[TimeControl "180+1"]
[EndTime "10:28:18 PST"]
[Termination "erlesfar won by resignation"]

1. d4 Nf6 2. c4 c5 3. d5 b5 4.
cxb5 a6 5. bxa6 g6 6. Nf3 Bg7 7. g3 O-O 8. Bg2 d6 9. Nc3 Nxa6 10. O-O Nb4 11. Re1 Bb7 12. e4 Ba6 13. Bf1 Nd7 14.
Bxa6 Nxa6 15. Rb1 Qa5 16. Bd2 Rfb8 17. b3 Qa3 18. Qc2 Nb4 19. Qd1 Nxa2 20. Na4 c4 21.
e5 Nxe5 22. Nc3 Rxb3 23. Rxb3 Qxb3 24. Nxe5 Bxe5 25. Qxb3 cxb3 26. Nb1 Rc8 27. f4 Bd4+ 28.
Kf1 b2 29. Ke2 Nc1+ 30. Kf3 Nb3 31. Ke4 Bf6 32. Be3 Rc1 33. Bf2 Rxb1 34. Rxb1 Nd2+ 0-1

[Event "*** Titled Tuesday Blitz"]
[Site "Chess.com"]
[Date "2021.02.09"]
[Round "3"]
[White "Euwe1234"]
[Black "K_A_S_T_O_R"]
[Result "0-1"]
[WhiteElo "2456"]
[BlackElo "2805"]
[TimeControl "180+1"]
[EndTime "10:28:20 PST"]
[Termination "K_A_S_T_O_R won by resignation"]

1. e4 c5 2. Nf3 d6 3. d4 cxd4 4. Nxd4 Nf6 5. Nc3 a6 6. Bg5 e6 7. f3 Nbd7 8. Qd2 b5 9. a3 Bb7 10. O-O-O Be7 11. h4 Nb6 12. Kb1 Rc8 13. g4 h6 14. Be3 Nfd7 15. Qe1 Ne5 16. Bc1 Nec4 17. Bxc4 Nxc4 18. b3 Ne5 19. Bb2 Qb6 20. Qe2 Bf6 21. Na2 Ng6 22. g5 hxg5 23. hxg5 Rxh1 24. gxf6 Rxd1+ 25. Qxd1 gxf6 26. Nb4 Ne5 27. f4 Nd7 28. Qg4 a5 29. Nd3 Ke7 30. e5 dxe5 31. fxe5 fxe5 32. Qg5+ f6 33. Qg7+ Kd6 34. Ne2 Be4 35.
Nc3 Rxc3 36. Bxc3 Bxd3 37. cxd3 b4 38. axb4 axb4 39. Bd2 Qd4 40. Kc2 Kc6 41. Qe7 Nc5 42. Qe8+ Kc7 43. Qe7+ Kb6 44. Kd1 Qxd3 45. Qxf6 Qxd2+ 46.
Kxd2 Ne4+ 0-1

[Event "*** Titled Tuesday Blitz"]
[Site "Chess.com"]
[Date "2021.02.09"]
[Round "3"]
[White "CSB7"]
[Black "ega2006"]
[Result "1-0"]
[WhiteElo "2580"]
[BlackElo "2393"]
[TimeControl "180+1"]
[EndTime "10:28:20 PST"]
[Termination "CSB7 won on time"]

1. d4 Nf6 2. Nf3 g6 3. Bg5 Bg7 4. Nbd2 O-O 5. c3 d6 6. e4 c5 7.
dxc5 dxc5 8. Be2 Nc6 9. O-O Qc7 10. Be3 b6 11. h3 Bb7 12. Qc2 Nh5 13. Rfd1 Nf4 14. Bf1 Rad8 15. a4 h6 16. Nc4 g5 17.
a5 Rxd1 18. Qxd1 Rd8 19. Qa4 Nxa5 20. Nxa5 bxa5 21. Nd2 Qb6 22. Qxa5 Nd3 23. Qxb6 axb6 24. Ra7 Bc6 25. Bxd3 Rxd3 26. Rxe7 Bf8 27. Rc7 Ba4 28. Rb7 Bc6 29. Rxb6 1-0

[Event "*** Titled Tuesday Blitz"]
[Site "Chess.com"]
[Date "2021.02.09"]
[Round "3"]
[White "LiamVrolijk"]
[Black "ulises2013"]
[Result "1-0"]
[WhiteElo "2881"]
[BlackElo "2634"]
[TimeControl "180+1"]
[EndTime "10:28:21 PST"]
[Termination "LiamVrolijk won by resignation"]

1. c4 g6 2. d4 Bg7 3. e4 c5 4. d5 d6 5. Nc3 e5 6. g3 Ne7 7. Bg2 O-O 8. Nge2 f5 9. O-O Nd7 10. a3 Nf6 11. b4 b6 12. Be3 fxe4 13.
Bg5 Bf5 14. Bxf6 Bxf6 15. Nxe4 Bxe4 16. Bxe4 Nf5 17. Qd3 Nd4 18. Nxd4 exd4 19. Bg2 Qd7 20. Rfe1 Qf5 21. Be4 Qd7 22. Bg2 Qf5 23. Qxf5 gxf5 24.
bxc5 bxc5 25. Re6 Rad8 26. Bf1 Rd7 27. Bd3 Bd8 28. f4 Ba5 29. Rb1 Kg7 30. Kg2 Bb6 31.
Kf3 Rf6 32. Rxf6 Kxf6 33. Re1 Re7 34. Rxe7 Kxe7 35. Bxf5 h6 36. g4 Ba5 37. g5 hxg5 38. fxg5 Be1 39. Kg4 Kf7 40. h4 Bd2 41. Bd3 Bc1 42.
a4 Bd2 43. h5 Be3 44. h6 Bd2 45. g6+ Kf6 46. g7 Kf7 47. Bh7 1-0

[Event "*** Titled Tuesday Blitz"]
[Site "Chess.com"]
[Date "2021.02.09"]
[Round "3"]
[White "Nathan_Filgueiras"]
[Black "VladimirBugayev"]
[Result "1-0"]
[WhiteElo "2446"]
[BlackElo "2264"]
[TimeControl "180+1"]
[EndTime "10:28:21 PST"]
[Termination "Nathan_Filgueiras won on time"]

1. e4 c6 2. d4 d5 3. e5 Bf5 4. h4 h6 5. g4 Be4 6. f3 Bh7 7.
e6 Qd6 8. exf7+ Kxf7 9. Bd3 Bxd3 10. Qxd3 Nd7 11. Ne2 e5 12. Nbc3 Re8 13. O-O Qg6 14.
Qxg6+ Kxg6 15. dxe5 Nxe5 16. Nf4+ Kf7 17. Kg2 Bd6 18. h5 Nf6 19. b3 Re7 20. Bd2 Rhe8 21. Rfe1 a6 22. Re2 Nh7 23. Nh3 Nd7 24. Rae1 Rxe2+ 25. Rxe2 Rxe2+ 26. Nxe2 Nhf6 27. Nhf4 Bxf4 28. Nxf4 Nc5 29. Ng6 Ne6 30. Be3 Nd7 31. Kg3 Ndf8 32. Nxf8 Kxf8 33. f4 Kf7 34. g5 d4 35. Bd2 Nc7 36.
Kf3 c5 37. Ke4 hxg5 38. fxg5 Ne6 39. Kd5 b6 40. Kc6 b5 41. Kb6 c4 42. bxc4 bxc4 43. Kxa6 c3 44. Bc1 1-0

[Event "*** Titled Tuesday Blitz"]
[Site "Chess.com"]
[Date "2021.02.09"]
[Round "3"]
[White "ErikRonka"]
[Black "Chesswizard_2007"]
[Result "0-1"]
[WhiteElo "2430"]
[BlackElo "2676"]
[TimeControl "180+1"]
[EndTime "10:28:22 PST"]
[Termination "Chesswizard_2007 won by resignation"]

1. e4 g6 2. d4 Bg7 3. Nf3 d6 4. Bc4 e6 5. Qe2 Ne7 6. Bb3 b6 7. O-O Bb7 8. c3 Nd7 9. Re1 O-O 10. Nbd2 e5 11. Nf1 h6 12. Ng3 Kh7 13. h4 c5 14.
h5 g5 15. Bxg5 hxg5 16. Nxg5+ Kh8 17. Bxf7 Ng8 18. Qg4 Nh6 19. Qe6 Qxg5 20. Bg6 Nf6 21. Rad1 Nfg4 22. Nf5 Bc8 23. Qxd6 Bxf5 24. exf5 exd4 25.
f3 Rad8 26. Qg3 dxc3 27. fxg4 Rxd1 28. Rxd1 c2 29. Re1 c1=Q 30. Rxc1 Qxc1+ 31. Kh2 Qxb2 0-1

[Event "*** Titled Tuesday Blitz"]
[Site "Chess.com"]
[Date "2021.02.09"]
[Round "3"]
[White "KruHor"]
[Black "PowerThinking2650"]
[Result "1-0"]
[WhiteElo "2592"]
[BlackElo "2401"]
[TimeControl "180+1"]
[EndTime "10:28:25 PST"]
[Termination "KruHor won by resignation"]

1. e4 e5 2. d4 exd4 3. Nf3 Nc6 4. c3 d5 5. exd5 Qxd5 6. cxd4 Bg4 7. Be2 Bb4+ 8. Nc3 Bxf3 9. Bxf3 Qc4 10. Qb3 Qxb3 11. Bxc6+ bxc6 12. axb3 Nf6 13. Ke2 a5 14. Bg5 O-O-O 15.
Bxf6 gxf6 16. Rhd1 Rhe8+ 17. Kf3 Re6 18. Ne4 Rd5 19. Ng3 Red6 20. Rac1 Rxd4 21. Rxd4 Rxd4 22. Rxc6 Rd3+ 23. Ke4 Rxb3 24. Rc2 Bd6 25. Kf5 Be5 26. Ne4 Bxb2 27. Nd6+ Kd7 28. Nc4 a4 29. Nxb2 a3 30.
Nc4 c5 31. Ra2 Kc6 32. Nxa3 Kd5 33. Rd2+ Kc6 34. Nc4 Rc3 35. Ne3 c4 36. Kxf6 Kc5 37. Kxf7 Rc1 38. Rc2 1-0

[Event "*** Titled Tuesday Blitz"]
[Site "Chess.com"]
[Date "2021.02.09"]
[Round "3"]
[White "Colombiano07"]
[Black "crazy_but_lazy"]
[Result "0-1"]
[WhiteElo "2306"]
[BlackElo "2520"]
[TimeControl "180+1"]
[EndTime "10:28:25 PST"]
[Termination "crazy_but_lazy won by resignation"]

1. d4 d5 2. c4 e5 3. dxe5 Ne7 4. cxd5 Qxd5 5. Qxd5 Nxd5 6. e4 Nb4 7. Na3 N8c6 8. Nf3 Bg4 9. Bf4 O-O-O 10. Bc4 Bxf3 11. gxf3 Nd4 12. O-O Nxf3+ 13. Kg2 Nh4+ 14. Kg3 Be7 15.
Bxf7 Rd3+ 16. f3 g5 17. Bc1 Rf8 18. Be6+ Kb8 19. Nc4 Nxf3 20. Ne3 Nxe5 21. Rxf8+ Bxf8 22. Kf2 Bc5 23. Ke2 Bxe3 24. Bxe3 Rxe3+ 25. Kxe3 Nc2+ 26. Kd2 Nxa1 27. Kc1 Nf3 28. h3 Nc2 29. Bg4 Ncd4 30.
Kd1 Ne5 0-1

[Event "*** Titled Tuesday Blitz"]
[Site "Chess.com"]
[Date "2021.02.09"]
[Round "3"]
[White "PavelShkapenko"]
[Black "Noam_Vitenberg"]
[Result "1-0"]
[WhiteElo "2703"]
[BlackElo "2432"]
[TimeControl "180+1"]
[EndTime "10:28:26 PST"]
[Termination "PavelShkapenko won on time"]

1. e4 d6 2. d4 Nf6 3. Nc3 Nbd7 4. g4 h6 5. h3 e5 6. Nge2 b5 7. a3 Bb7 8. Bg2 g6 9. O-O Bg7 10. Be3 O-O 11. Ng3 a6 12. Qd2 Kh7 13. f4 Qe7 14. g5 hxg5 15. fxg5 Ng8 16. d5 Rae8 17. h4 Bc8 18.
Qe2 f5 19. h5 f4 20. hxg6+ Kh8 21. Qh5+ Bh6 22. gxh6 Ndf6 23. g7+ Kh7 24. gxf8=N+ Rxf8 25. Qg5 fxe3 26. Qg7+ Qxg7 27. hxg7 Kxg7 28. Rae1 Nh6 29.
Rxe3 Nhg4 30. Ref3 Rh8 31. Nf5+ Kf7 32. Rh3 Rg8 33.
Nh6+ Nxh6 34. Rxh6 Rg6 35. Rxg6 Kxg6 36. Bf3 Kg5 37.
Kf2 Kf4 38. Ne2+ Kg5 39. Ke3 Kh6 40. Rg1 a5 41. c4 b4 42. axb4 axb4 43. Ra1 c5 44. dxc6 b3 45. Ra8 Be6 46. c7 1-0

[Event "*** Titled Tuesday Blitz"]
[Site "Chess.com"]
[Date "2021.02.09"]
[Round "3"]
[White "Grimlock_Glasgow"]
[Black "digilik"]
[Result "1-0"]
[WhiteElo "2494"]
[BlackElo "2227"]
[TimeControl "180+1"]
[EndTime "10:28:26 PST"]
[Termination "Grimlock_Glasgow won on time"]

1. e4 c5 2. Nc3 e6 3. Nf3 a6 4. g3 b5 5. Bg2 Bb7 6. O-O b4 7. Na4 Bxe4 8. d4 cxd4 9. Re1 Nf6 10.
Bg5 Bc6 11. Nxd4 Bxg2 12. Kxg2 Be7 13. Nf5 exf5 14. Bxf6 gxf6 15. Qd4 O-O 16. Nb6 Nc6 17. Qe3 f4 18. gxf4 Rb8 19. Nd5 Bd6 20. Rg1 Kh8 21. Kh1 Qe8 22. Qd3 Qe6 23. Rae1 1-0

[Event "*** Titled Tuesday Blitz"]
[Site "Chess.com"]
[Date "2021.02.09"]
[Round "3"]
[White "stasiek18"]
[Black "EdmundPlayer"]
[Result "0-1"]
[WhiteElo "2392"]
[BlackElo "2173"]
[TimeControl "180+1"]
[EndTime "10:28:26 PST"]
[Termination "EdmundPlayer won on time"]

1. Nf3 c5 2. e4 Nc6 3. Bb5 g6 4.
Bxc6 dxc6 5. d3 Bg7 6. h3 Nf6 7. Nc3 Nd7 8. Be3 e5 9. Qd2 Qe7 10. O-O Nf8 11. a3 Ne6 12. b4 cxb4 13. axb4 Qxb4 14.
Rfb1 Qe7 15. Bxa7 b5 16. Bc5 Qb7 17. Rxa8 Qxa8 18. Bd6 Qa5 19. Bxe5 Bxe5 20. Nxe5 b4 21. Nd5 cxd5 22. Nc6 Qb5 23. exd5 Qxd5 24. Nxb4 Qa5 25. Qc3 O-O 26. Ra1 Qc5 27. Qb2 Bb7 28. Re1 Qg5 0-1

[Event "*** Titled Tuesday Blitz"]
[Site "Chess.com"]
[Date "2021.02.09"]
[Round "3"]
[White "Fighterman91"]
[Black "Beca95"]
[Result "1/2-1/2"]
[WhiteElo "2673"]
[BlackElo "2903"]
[TimeControl "180+1"]
[EndTime "10:28:27 PST"]
[Termination "Game drawn by repetition"]

1. e4 e5 2. Nf3 Nf6 3. Nxe5 d6 4. Nf3 Nxe4 5. d4 d5 6. Bd3 Nc6 7. O-O Bg4 8. c4 Bxf3 9. Qxf3 Nxd4 10. Qh3 c6 11.
cxd5 cxd5 12. Nc3 Be7 13. Nxe4 dxe4 14. Bxe4 Ne2+ 15. Kh1 Nxc1 16. Bxb7 Rb8 17. Bc6+ Kf8 18. Raxc1 g6 19. Rfd1 Qa5 20. Qh6+ Kg8 21. Bd5 Rf8 22. Bb3 Bg5 23. Bxf7+ Kxf7 24. Rd7+ Ke6 25. Qh3+ Qf5 26.
Qb3+ Kxd7 27. Qb7+ Ke8 28. Re1+ Kd8 29. Rd1+ Ke8 30.
Re1+ Kd8 31. Rd1+ Ke8 32. Re1+ 1/2-1/2

[Event "*** Titled Tuesday Blitz"]
[Site "Chess.com"]
[Date "2021.02.09"]
[Round "3"]
[White "TST2014"]
[Black "Manukyan_Artak"]
[Result "1-0"]
[WhiteElo "2562"]
[BlackElo "2384"]
[TimeControl "180+1"]
[EndTime "10:28:27 PST"]
[Termination "TST2014 won by resignation"]

1. d4 Nf6 2. c4 g6 3. Nc3 Bg7 4. e4 d6 5. Nf3 O-O 6. Be2 e5 7. O-O Nc6 8. d5 Ne7 9. b4 a5 10. bxa5 Rxa5 11. a4 Nd7 12. Ba3 h6 13. Bb4 Ra8 14. a5 f5 15. Nd2 h5 16. Na4 Nf6 17. Bd3 fxe4 18. Nxe4 Nxe4 19. Bxe4 Bf5 20. Qd3 Bxe4 21.
Qxe4 Nf5 22. c5 Nd4 23. cxd6 cxd6 24. Nb6 Ra6 25. Qxg6 Rf6 26. Qxh5 Nc2 27. Rac1 Nxb4 28. Rc8 Qxc8 29. Nxc8 Nxd5 30. Qe8+ Kh7 31. Qb5 Nf4 32. g3 Nh3+ 33. Kg2 Ng5 34. f4 Nf7 35. fxe5 Rxf1 36. Kxf1 dxe5 37. Ne7 Rf6+ 38. Kg2 e4 39. Qxb7 e3 40.
Qe4+ 1-0

[Event "*** Titled Tuesday Blitz"]
[Site "Chess.com"]
[Date "2021.02.09"]
[Round "3"]
[White "Zhigalko_Sergei"]
[Black "Mr_Sinigami"]
[Result "1-0"]
[WhiteElo "2892"]
[BlackElo "2644"]
[TimeControl "180+1"]
[EndTime "10:28:28 PST"]
[Termination "Zhigalko_Sergei won on time"]

1. e4 c5 2. Nf3 e6 3. c3 Nf6 4. e5 Nd5 5. Bc4 d6 6. d4 cxd4 7. cxd4 Nc6 8. O-O Be7 9. Bd2 O-O 10. Nc3 dxe5 11. dxe5 Nb6 12. Bb3 Nb4 13. a3 Nd3 14. Qe2 Nc5 15. Bc2 Bd7 16. Rfd1 Nca4 17. Qe4 g6 18. Nxa4 Bc6 19. Qf4 Nd5 20. Qg4 Bxa4 21. Qxa4 Qb6 22. b4 Rac8 23. Be4 Nc3 24. Bxc3 Rxc3 25.
Rd7 Rfc8 26. Rad1 R3c7 27. g3 a6 28. Rxc7 Rxc7 29. Qe8+ Kg7 30. Kg2 a5 31. Rd7 1-0

[Event "*** Titled Tuesday Blitz"]
[Site "Chess.com"]
[Date "2021.02.09"]
[Round "3"]
[White "MPGM"]
[Black "JoliyRoger"]
[Result "1-0"]
[WhiteElo "2610"]
[BlackElo "2415"]
[TimeControl "180+1"]
[EndTime "10:28:28 PST"]
[Termination "MPGM won on time"]

1. c4 c5 2. Nc3 Nc6 3. g3 Nf6 4.
Bg2 e6 5. Nf3 Be7 6. O-O O-O 7.
d4 cxd4 8. Nxd4 Ne5 9. b3 d6 10. Bb2 a6 11. Qd2 Qc7 12. Rac1 Re8 13. Rfd1 Rb8 14.
Nf3 Ned7 15. Ng5 Nc5 16. b4 Ncd7 17. Nge4 Ne5 18. Nxf6+ gxf6 19. Ne4 Rd8 20. Qh6 Ng4 21. Qh4 f5 22. Nf6+ Bxf6 23. Bxf6 Nxf6 24. Qg5+ Kf8 25.
Qxf6 b6 26. Rd4 Bb7 27. Rh4 Ke8 28. Rxh7 Kd7 29. Rxf7+ 1-0

[Event "*** Titled Tuesday Blitz"]
[Site "Chess.com"]
[Date "2021.02.09"]
[Round "3"]
[White "LucaBrasi1968"]
[Black "iwanyu"]
[Result "0-1"]
[WhiteElo "2529"]
[BlackElo "2814"]
[TimeControl "180+1"]
[EndTime "10:28:29 PST"]
[Termination "iwanyu won by resignation"]

1. d4 Nf6 2. Nf3 e6 3. Bg5 d5 4. e3 Be7 5. c4 O-O 6. Nc3 c6 7.
Rc1 Nbd7 8. cxd5 Nxd5 9. Bxe7 Qxe7 10. Nxd5 exd5 11. Bd3 Nf6 12. h3 a5 13. a3 Ne8 14.
O-O Nd6 15. Qc2 g6 16. Rfe1 Bf5 17. Bxf5 Nxf5 18. Ne5 Nd6 19. Nd3 Rfe8 20. Nc5 h5 21. Nd3 Qg5 22. Ne5 Nf5 23. Nf3 Qf6 24. Qd3 Nd6 25. Ne5 Kg7 26. f3 Qg5 27. Rc2 f6 28. Nd7 Re7 29. Nc5 Rae8 30. Rce2 b6 31. Na4 b5 32. Nc5 f5 33. Qd2 Nc4 34. Qd3 Nxe3 35.
b4 f4 36. bxa5 Kh6 37. a6 Nxg2 38. Rxe7 Nxe1+ 0-1

[Event "*** Titled Tuesday Blitz"]
[Site "Chess.com"]
[Date "2021.02.09"]
[Round "3"]
[White "korkmaz16"]
[Black "politeplayer"]
[Result "1-0"]
[WhiteElo "2413"]
[BlackElo "2187"]
[TimeControl "180+1"]
[EndTime "10:28:30 PST"]
[Termination "korkmaz16 won by resignation"]

1. e4 e5 2. Nf3 Nf6 3. Nxe5 d6 4. Nf3 Nxe4 5. Nc3 Nxc3 6. dxc3 Be7 7. Be3 O-O 8. Qd2 Nd7 9. O-O-O Nf6 10. Bd3 c5 11. c4 b5 12. Rhe1 Rb8 13. Bf4 bxc4 14. Bxc4 Rb4 15. b3 d5 16. Bd3 Re8 17. Ne5 Qa5 18. Kb1 Ne4 19. Bxe4 dxe4 20. Nc6 Qb5 21. Nxb4 cxb4 22.
Qd5 Qxd5 23. Rxd5 Bf6 24. Bg5 Bb7 25. Rb5 Bc3 26. Rd1 Ba6 27. Ra5 Be2 28. Rc1 Be5 29. Re1 Bg4 30. Rxe4 Rd8 31. Raxe5 1-0

[Event "*** Titled Tuesday Blitz"]
[Site "Chess.com"]
[Date "2021.02.09"]
[Round "3"]
[White "Nikolaj_6"]
[Black "dopolian"]
[Result "1-0"]
[WhiteElo "2643"]
[BlackElo "2419"]
[TimeControl "180+1"]
[EndTime "10:28:31 PST"]
[Termination "Nikolaj_6 won by resignation"]

1. e4 e5 2. Nf3 Nc6 3. Bb5 a6 4. Ba4 Nf6 5. Qe2 b5 6. Bb3 Bc5 7. a4 Rb8 8. axb5 axb5 9. d3 h6 10. Be3 Bxe3 11. fxe3 O-O 12. O-O d5 13. exd5 Nxd5 14. Nbd2 Be6 15. Qf2 Qe7 16. Nh4 Nxe3 17. Ng6 fxg6 18. Qxe3 Bxb3 19. Nxb3 Rxf1+ 20. Rxf1 Rf8 21. Rxf8+ Qxf8 22. Qe4 Qd6 23. h3 Nd4 24. Nxd4 Qxd4+ 25. Qxd4 exd4 26. Kf2 Kf7 27. Kf3 Ke6 28. Ke4 c5 29.
b4 cxb4 30. Kxd4 Kd6 31. g3 g5 32. Ke4 Ke6 33. d4 g6 34. d5+ Kd6 35. Kd4 h5 36. g4 hxg4 37. hxg4 b3 38. cxb3 b4 39. Kc4 Ke5 40.
Kc5 1-0

[Event "*** Titled Tuesday Blitz"]
[Site "Chess.com"]
[Date "2021.02.09"]
[Round "3"]
[White "ElCoachRene"]
[Black "AsaHoffmann"]
[Result "0-1"]
[WhiteElo "2190"]
[BlackElo "2400"]
[TimeControl "180+1"]
[EndTime "10:28:32 PST"]
[Termination "AsaHoffmann won by resignation"]

1. d4 Nf6 2. Bf4 d6 3. e3 b6 4. Nf3 Bb7 5. h3 Nbd7 6. Nbd2 g6 7. Bc4 Bg7 8. Qe2 c5 9. Ba6 Qc8 10. Bxb7 Qxb7 11. c3 O-O 12. a4 a6 13. O-O Rfe8 14. Rfd1 e5 15. dxe5 dxe5 16. Bg3 e4 17. Ne1 Nh5 18. Bh2 Ne5 19. Nc4 Nxc4 20. Qxc4 Rad8 21. Nc2 Nf6 22. Na3 Rd7 23. Qe2 Red8 24. Nc4 Nd5 25. Be5 b5 26. Na5 Qb6 27. Bxg7 Kxg7 28. axb5 axb5 29. Nb3 b4 30. c4 Ne7 31. Qc2 Rd3 32.
Re1 Nc6 33. Re2 Ne5 34. Rd2 Qd6 35. Rad1 h5 36. Kf1 f5 37. Ke1 g5 38. Nc1 Rxd2 39.
Rxd2 Qxd2+ 40. Qxd2 Rxd2 41. Kxd2 Nxc4+ 42. Kc2 Ne5 43. Nb3 c4 44. Nd4 Kg6 45. Kd2 Nd3 46. f3 Nxb2 47. fxe4 fxe4 48. Nc6 Nd3 49. Na5 c3+ 50.
Kc2 Ne1+ 51. Kb3 Nxg2 52. Kxb4 c2 53. Nb3 Nxe3 54. Kc3 g4 55. hxg4 hxg4 56. Kd2 Nf5 57. Kxc2 g3 58. Nd2 g2 59. Nxe4 0-1

[Event "*** Titled Tuesday Blitz"]
[Site "Chess.com"]
[Date "2021.02.09"]
[Round "3"]
[White "VALPARAISO37"]
[Black "RaneshRatnesan"]
[Result "1-0"]
[WhiteElo "2480"]
[BlackElo "2197"]
[TimeControl "180+1"]
[EndTime "10:28:33 PST"]
[Termination "VALPARAISO37 won by resignation"]

1. d4 d5 2. c4 c6 3. Nc3 Nf6 4. e3 Bf5 5. cxd5 cxd5 6. Qb3 Qb6 7.
Nxd5 Nxd5 8. Qxd5 e6 9. Qb5+ Nd7 10. f3 Rc8 11. e4 Qxd4 12. a3 Bc5 13. Qe2 Bg6 14. Qd2 Qa4 15. Ne2 a6 16. Nc3 Qc6 17.
h4 h6 18. h5 Bh7 19. Rh3 Ne5 20. Qe2 Rd8 21. Qc2 O-O 22. Bf4 Bd4 23. Rd1 b5 24. Qb3 Qb6 25. Bxe5 Bxe5 26. Rxd8 Rxd8 27. Ne2 Qa5+ 28.
Kf2 Qb6+ 29. Qe3 Qd6 30. f4 Bxb2 31. e5 Qd5 32. g4 Bd4 33. Nxd4 Qxd4 34. Rf3 Qxe3+ 35.
Rxe3 Bb1 36. Kg3 Rd1 37. Be2 Rg1+ 38. Kf2 Rc1 39. Rb3 g5 40. fxg5 hxg5 41. a4 Kg7 42. axb5 axb5 43. Rxb5 Be4 44. Rb4 Bd5 45. Ke3 Rh1 46.
Kd4 Rd1+ 47. Kc5 1-0

[Event "*** Titled Tuesday Blitz"]
[Site "Chess.com"]
[Date "2021.02.09"]
[Round "3"]
[White "volunteers1998"]
[Black "Akhayan"]
[Result "1-0"]
[WhiteElo "2052"]
[BlackElo "2285"]
[TimeControl "180+1"]
[EndTime "10:28:33 PST"]
[Termination "volunteers1998 won by resignation"]

1. e4 e6 2. Nf3 d5 3. Nc3 Nf6 4. e5 Nfd7 5. d4 c5 6. dxc5 Nc6 7. Bf4 Nxc5 8. Bd3 Be7 9. O-O Nxd3 10. Qxd3 O-O 11. Ne2 a6 12. Ned4 Nxd4 13. Nxd4 Qd7 14. Rfe1 b5 15. Re3 Bb7 16. Rh3 g6 17. Qg3 Rfc8 18.
Bg5 Rc4 19. c3 Rac8 20. Qh4 Bxg5 21. Qxh7+ Kf8 22. Nf3 Ke7 23. Nxg5 Rf8 24. Rf3 Ke8 25. Rf6 Rg4 26. h4 d4 27. f3 Rg3 28. Kh2 Rxg5 29. hxg5 dxc3 30. bxc3 Qd5 31. Qh4 Qxe5+ 32. Qf4 Rh8+ 33. Kg1 Qc5+ 34. Qd4 Qxg5 35. Rxe6+ fxe6 36. Qxh8+ Kd7 37. Qg7+ Kc6 38. Rd1 Kb6 39. Qd4+ Ka5 40.
Qd8+ Ka4 41. Qxg5 1-0

[Event "*** Titled Tuesday Blitz"]
[Site "Chess.com"]
[Date "2021.02.09"]
[Round "3"]
[White "m_ezat"]
[Black "Sam_ChessMood"]
[Result "1-0"]
[WhiteElo "2560"]
[BlackElo "2834"]
[TimeControl "180+1"]
[EndTime "10:28:34 PST"]
[Termination "m_ezat won by resignation"]

1. d4 Nf6 2. c4 e6 3. Nc3 Bb4 4.
e3 O-O 5. a3 Bxc3+ 6. bxc3 b6 7. Bd3 Ba6 8. Ne2 Nc6 9. O-O Na5 10. e4 Ne8 11. Ng3 Bxc4 12. Bxc4 Nxc4 13. f4 f5 14. d5 fxe4 15. dxe6 dxe6 16. Qe2 Qd3 17. Qg4 Nf6 18. Qxe6+ Kh8 19. Ra2 Rae8 20. Qc6 e3 21. Re2 Ne4 22. Rfe1 Nxc3 23. Qxc7 Nxe2+ 24. Nxe2 h6 25. h3 a5 26. a4 Rd8 27. Ng3 Rd7 28. Qc6 Qd5 29. Qg6 Rd6 30. Qg4 Qe6 31. f5 Qf7 32. Bxe3 Re8 33. Bf2 Rxe1+ 34. Bxe1 Ne5 35. Qf4 Rd5 36. Bc3 Qf6 37. Ne4 Qe7 38. f6 gxf6 39. Qxh6+ Qh7 40. Qxh7+ Kxh7 41. Nxf6+ Kg6 42. Nxd5 Nc4 43. Bd4 1-0

[Event "*** Titled Tuesday Blitz"]
[Site "Chess.com"]
[Date "2021.02.09"]
[Round "3"]
[White "Chessbard1972"]
[Black "Misi_95"]
[Result "0-1"]
[WhiteElo "2404"]
[BlackElo "2599"]
[TimeControl "180+1"]
[EndTime "10:28:34 PST"]
[Termination "Misi_95 won by resignation"]

1. d4 Nf6 2. Nf3 b5 3. c3 Bb7 4.
g3 e6 5. Bg2 c5 6. O-O a5 7. a4 b4 8. Bf4 cxd4 9. Nxd4 Bxg2 10. Kxg2 Nc6 11. Nb5 e5 12. Bg5 Rc8 13. Nd6+ Bxd6 14.
Qxd6 Qe7 15. Qd1 O-O 16. c4 e4 17. Nd2 Rfe8 18. Nb3 h6 19. Bxf6 Qxf6 20. Rb1 Ne5 21. c5 e3 22. f3 Nc4 23. Qc2 Qa6 24.
Rfe1 d6 25. Rbc1 Ne5 26. Qf5 dxc5 27. Rxc5 Rxc5 28. Nxc5 Qc4 29. Ne4 Qc7 30. Rd1 Qc4 31. Re1 Qc8 32. Rd1 Qxf5 0-1

[Event "*** Titled Tuesday Blitz"]
[Site "Chess.com"]
[Date "2021.02.09"]
[Round "3"]
[White "floplover"]
[Black "Synctel"]
[Result "1-0"]
[WhiteElo "2287"]
[BlackElo "1997"]
[TimeControl "180+1"]
[EndTime "10:28:34 PST"]
[Termination "floplover won by resignation"]

1. d4 Nf6 2. Bf4 d5 3. Nf3 e6 4. e3 Bd6 5. Bxd6 cxd6 6. Bd3 Nc6 7. c3 e5 8. dxe5 dxe5 9. Bb5 Bg4 10. h3 Bxf3 11.
Qxf3 O-O 12. O-O a6 13. Ba4 e4 14. Qe2 Ne5 15. Nd2 Nd3 16. Rab1 Nd7 17. Bc2 N7e5 18. f4 exf3 19. Nxf3 Nxf3+ 20. Qxf3 Ne5 21. Bxh7+ Kxh7 22.
Qh5+ Kg8 23. Qxe5 Re8 24. Qf4 Qe7 25. Rbd1 Rad8 26. Rf3 Rd6 27. Qd4 Qg5 28. Rdf1 Rg6 29. R1f2 Re4 30. Qa7 Re7 31. Rf5 Qg3 32. R5f3 Qg5 33.
Qc5 Kh7 34. Rf5 Qg3 35. Qxe7 1-0

[Event "*** Titled Tuesday Blitz"]
[Site "Chess.com"]
[Date "2021.02.09"]
[Round "3"]
[White "salomez"]
[Black "HackingKid98"]
[Result "0-1"]
[WhiteElo "2198"]
[BlackElo "2480"]
[TimeControl "180+1"]
[EndTime "10:28:35 PST"]
[Termination "HackingKid98 won on time"]

1. e4 c6 2. d4 d5 3. e5 Bf5 4. Nf3 e6 5. Be2 Ne7 6. O-O Ng6 7. Nbd2 f6 8. exf6 Qxf6 9. Nb3 Nd7 10. Bg5 Qf7 11. Re1 Bd6 12. Qd2 O-O 13. c4 Be4 14.
Be3 Nf4 15. Bxf4 Bxf4 16. Qb4 b6 17. Nbd2 Bg6 18. Nf1 Rae8 19. Ng3 e5 20. cxd5 cxd5 21. dxe5 Nxe5 22. Rad1 Kh8 23. Qd4 Be4 24. Nxe4 dxe4 25. Qxe4 Ng4 26. Qd5 Bxh2+ 27. Nxh2 Qxf2+ 28. Kh1 Qh4 29. Bxg4 Rxe1+ 30. Rxe1 Qxe1+ 31. Nf1 Rxf1+ 32. Kh2 Qh4+ 33. Bh3 Qf4+ 0-1